 Dungeon Crawl Stone Soup version 0.30.1-9-gdf580d7c3d (webtiles) character file.

Game seed: 1297184050604968829

353 Atelerd the Digger (level 6, -1/36 HPs)
             Began as an Octopode Earth Elementalist on Sept 24, 2023.
             Slain by an orc warrior
             ... wielding a +0 war axe
              (11 damage)
             ... on level 3 of the Dungeon.
             The game lasted 00:02:37 (2334 turns).

Atelerd the Digger (Octopode Earth Elementalist)    Turns: 2334, Time: 00:02:37

Health: -1/36      AC:  1    Str:  8    XL:     6   Next: 62%
Magic:  7/11       EV: 13    Int: 17    God:
Gold:   141        SH:  0    Dex: 14    Spells: 11/12 levels left

rFire   . . .        f - +0 dagger
rCold   . . .        (no shield)
rNeg    . . .        (helmet restricted)
rPois   .            (no amulet)
rElec   .            h - ring of resist corrosion
rCorr   +            j - ring of willpower
SInv    .            (no ring)
Will    +....        (no ring)
Stlth   +++          (no ring)
HPRegen 0.26/turn    (no ring)
MPRegen 0.12/turn    (no ring)
                     (no ring)

%: no passive effects
@: no status effects
A: almost no armour, amphibious, 8 rings, camouflage 1, gelatinous body 1,
(nimble swimmer 1), tentacles
a: no special abilities


You were on level 3 of the Dungeon.
You visited 1 branch of the dungeon, and saw 3 of its levels.

You collected 141 gold pieces.

Inventory:

Hand Weapons
 f - a +0 dagger (weapon)
Missiles
 q - 6 atropa-tipped darts
Jewellery
 h - a ring of resist corrosion (left tentacle)
 j - a ring of willpower (right tentacle)
Wands
 m - a wand of light (3)
 p - a wand of flame (28)
Scrolls
 b - 2 scrolls of magic mapping {unknown}
 g - a scroll of noise {unknown}
 i - a scroll of immolation {unknown}
 l - 3 scrolls of enchant weapon {unknown}
 n - 3 scrolls of teleportation {unknown}
 r - a scroll of torment {unknown}
Potions
 a - a potion of magic
 c - a potion of berserk rage {unknown}
 d - a potion of heal wounds {unknown}
 e - a potion of might {unknown}
 k - 3 potions of lignification {unknown}
 o - a potion of curing {unknown}


   Skills:
 - Level 0.1 Fighting
 - Level 2.0 Dodging
 - Level 2.6 Stealth
 + Level 3.7 Spellcasting
 - Level 3.0 Transmutations
 * Level 5.5 Earth Magic


You had 11 spell levels left.
You knew the following spells:

 Your Spells              Type           Power      Damage    Failure   Level
a - Sandblast             Erth           42%        2d11      1%          1

Your spell library contained the following spells:

 Spells                   Type           Power      Damage    Failure   Level
 Passwall                 Tmut/Erth      14%        N/A       4%          2
 Stone Arrow              Conj/Erth      24%        3d8       16%         3
 Petrify                  Tmut/Erth      17%        N/A       28%         4


Dungeon Overview and Level Annotations

Branches:
Dungeon (3/15)

Altars:

Shops:
D:3 [

Annotations:
D:2 1 runed translucent door, Crazy Yiuf


Innate Abilities, Weirdness & Mutations

You cannot wear most types of armour.
You are amphibious.
You can wear up to eight rings at the same time.
Your skin changes colour to match your surroundings (Stealth+).
Your rubbery body absorbs attacks. (AC +1, EV +1)
((You are camouflaged when in or above water. (Stealth+)))
You have tentacles for arms and can constrict up to eight enemies at once.


Message History

A nearby plant withers and dies.
An orc comes into view. It is wielding a +0 flail.
The orc moves out of view.
An orc wizard comes into view. It is wielding a +0 dagger.
The blast of sand misses the orc.
The blast of sand misses the orc warrior.
The blast of sand hits the orc.
The orc is heavily wounded.
The orc barely misses you.
The blast of sand hits the orc warrior but does no damage.
The orc wizard casts a spell.
The orc wizard flickers and vanishes!
Deactivating autopickup; reactivate with Ctrl-A.
The blast of sand hits the orc warrior but does no damage.
The orc warrior hits you with a +0 war axe!
The orc warrior barely misses you.
The blast of sand hits the orc warrior but does no damage.
The orc warrior hits you with a +0 war axe!
* * * LOW HITPOINT WARNING * * *
You are too injured to fight recklessly!
You are too injured to fight recklessly!
You are too injured to fight recklessly!
Unknown command.
Aiming: Bolt of Light
Press: ? - help, Shift-Dir - straight line, f/p - orc warrior
Aim: an orc warrior, wielding a +0 war axe and wearing a +0 plate armour (71% to hit)
The bolt of light misses the orc warrior.
The bolt of light hits the orc!
You kill the orc!
The bolt of light hits the orc!
You kill the orc!
The orc warrior completely misses you.
Aiming: Bolt of Light
Press: ? - help, Shift-Dir - straight line, f/p - orc warrior
Aim: an orc warrior, wielding a +0 war axe and wearing a +0 plate armour (71% to hit)
The bolt of light hits the orc warrior.
The orc warrior is lightly wounded.
The orc warrior is blinded.
The orc warrior hits you with a +0 war axe!
You die...

...# #####..###.........#.....
...# ##..## #..^......##.###
.#.# #..## #..[......##.# #
.#.## ##.## #.........##.###
....######..# #.....†.........
##.o..#.....# #######.#.......
#..#.#.....# #.........
#..#.#.....##############...)...
#.........)).{o@................
###..#.##################.......
##....## #....... ###...#
#....... ###.# #....... ###
#....... #....... ########


You could see an orc warrior (wandering, blind).

Vanquished Creatures
  Sigmund (D:2)
  A hound (D:2)
  Natasha (thrice) (D:2)
  2 adders (D:2)
  3 dart slugs
  3 orcs (D:3)
  5 endoplasms
  4 giant cockroaches
  4 goblins
  4 hobgoblins
  7 jackals
  4 quokkas
  5 ball pythons
  6 bats
  5 frilled lizards
  4 kobolds
  6 rats
67 creatures vanquished.

Notes
Turn   | Place    | Note
-------+----------+-------------------------------------------
     0 | D:1      | Atelerd the Octopode Earth Elementalist began the quest for
                  | the Orb.
     0 | D:1      | Reached XP level 1. HP: 11/11 MP: 3/3
    88 | D:1      | Reached XP level 2. HP: 17/17 MP: 3/5
   513 | D:1      | Reached XP level 3. HP: 21/21 MP: 3/6
   903 | D:2      | Reached skill level 4 in Earth Magic
   903 | D:2      | Reached XP level 4. HP: 27/27 MP: 4/7
  1040 | D:2      | Found a faded altar of an unknown god.
  1365 | D:2      | Noticed Natasha
  1371 | D:2      | Killed Natasha
  1413 | D:2      | Reached XP level 5. HP: 8/31 MP: 2/9
  1416 | D:2      | Noticed Natasha
  1611 | D:2      | Killed Natasha
  1632 | D:2      | Noticed Sigmund
  1643 | D:2      | Killed Sigmund
  1644 | D:2      | Reached skill level 5 in Earth Magic
  1644 | D:2      | Reached XP level 6. HP: 36/36 MP: 6/11
  1714 | D:2      | Found a runed translucent door.
  1715 | D:2      | Noticed Crazy Yiuf
  1897 | D:2      | Noticed Natasha
  1903 | D:2      | Killed Natasha
  2138 | D:3      | Found Ikallest's Antique Armour Boutique.
  2299 | D:3      | Noticed an orc warrior
  2334 | D:3      | Slain by an orc warrior

Illustrated notes

Levels and vault maps discovered:
D:1:      lemuel_arrival_lava_pool, layout_loops_ring
D:2:      layout_basic, basic_ecumenical_altar, uniq_sigmund, uniq_natasha,
          uniq_crazy_yiuf_cottage
D:3:      layout_rooms, serial_shops, shop, minmay_lizard_king

Skill      XL: |  1  2  3  4  5 |
---------------+----------------+-----
Earth Magic    | 4 5 |  5.5
Transmutations | 2 3 |  3.0
Spellcasting   | 3 |  3.7
Fighting       | |  0.1
Dodging        | |  2.0
Stealth        | |  2.6

Action                     |  1- 3 |  4- 6 || total
---------------------------+-------+-------++-------
  Melee: Unarmed           |     7 |       ||     7
         Constrict         |     5 |     2 ||     7
         Dagger            |     9 |     5 ||    14
         Tentacles         |     2 |       ||     2
   Cast: Sandblast         |    30 |    54 ||    84
  Evoke: Wand              |       |     4 ||     4
   Stab: Sleeping          |     1 |       ||     1
 Armour: Skin              |     2 |     4 ||     6
  Dodge: Dodged            |    18 |    32 ||    50
